 Dungeon Crawl Stone Soup version 0.31-a0-217-g58bb5d79cf (webtiles) character file.

Game seed: 7684750792355500773

70224 qw the Peltast (level 15, -18/94 HPs)
             Began as a Gargoyle Fighter on July 2, 2023.
             Was a High Priest of Okawaru.
             Demolished by a red ugly thing (21 damage)
             ... on level 14 of the Dungeon.
             The game lasted 00:11:56 (20727 turns).

qw the Peltast (Gargoyle Fighter)                  Turns: 20727, Time: 00:11:57

Health: -18/94     AC: 43    Str: 25    XL:     15   Next: 32%
Magic:  22/22      EV:  9    Int: 13    God:    Okawaru [*****.]
Gold:   392        SH: 20    Dex:  9    Spells: 14/14 levels left

rFire   . . .        q - +8 war axe (protect)
rCold   + . .        j - +0 tower shield
rNeg    + . .        g - +0 plate armour
rPois   inf          a - +1 helmet
rElec   +            w - scarf of the Game of Life {+Inv, rPois Will++ Int+2}
rCorr   .            f - +2 pair of gloves
SInv    +            y - +0 pair of boots
Will    +++..        (no amulet) Stlth
                     z - ring of protection from cold
HPRegen 0.35/turn    m - ring of see invisible
MPRegen 0.18/turn

%: no passive effects
@: about to teleport, heroic, under a protective aura, flying
A: sickness immunity, AC +11, big wings, negative energy resistance 1,
electricity resistance, torment resistance 1, petrification resistance
a: Renounce Religion, Evoke Invisibility, Heroism, Finesse, Duel


You were on level 14 of the Dungeon.
You worshipped Okawaru.
Okawaru was extremely pleased with you.
You visited 3 branches of the dungeon, and saw 20 of its levels.

You collected 1331 gold pieces.
You spent 939 gold pieces at shops.


Innate Abilities, Weirdness & Mutations

You are immune to sickness and miasma.
Your stone body is resilient. (AC +11)
You are immune to poison.
Your large and strong wings let you fly.
You resist negative energy. (rN+)
You are resistant to electric shocks. (rElec)
You are resistant to unholy torment.
You are immune to petrification.


   Skills:
 - Level 11.0(16.0) Fighting
 - Level 14.1(19.1) Axes
 + Level 5.5(10.5) Throwing
 - Level 10.0(15.0) Armour
 - Level 2.6(7.6) Dodging
 - Level 16.0(21.0) Shields
 - Level 10.0 Invocations


You had 14 spell levels left.
You didn't know any spells.
Your spell library was empty.

Inventory:

Hand Weapons
 q - a +8 war axe of protection (weapon)
 x - a +0 broad axe
 B - a +1 morningstar of protection
Missiles
 A - 3 javelins
 C - 3 silver javelins (quivered)
Armour
 a - a +1 helmet (worn)
 f - a +2 pair of gloves (worn)
 g - a +0 plate armour (worn)
 j - a +0 tower shield (worn)
 p - a +0 cloak
 w - the scarf of the Game of Life (worn) {+Inv, rPois Will++ Int+2}
   (You acquired it on level 9 of the Dungeon)

   Int:       It affects your intelligence (+2).
   rPois:     It protects you from poison.
   Will:      It greatly increases your willpower.
 y - a +0 pair of boots (worn)
Jewellery
 m - a ring of see invisible (right hand)
 n - a ring of see invisible
 z - a ring of protection from cold (left hand)
 Y - a ring of willpower
Wands
 b - a wand of digging (10)
Scrolls
 o - 3 scrolls of identify
 t - 7 scrolls of teleportation
Potions
 c - 3 potions of attraction
 d - 2 potions of might
 e - 4 potions of lignification
 h - 4 potions of magic
 i - 2 potions of haste
 k - 4 potions of enlightenment
 l - 4 potions of heal wounds
 r - 2 potions of cancellation
 s - 11 potions of curing
 u - 3 potions of resistance
 v - a potion of mutation

Dungeon Overview and Level Annotations

Branches:
Dungeon (14/15)            Temple (1/1) D:5            Lair (5/5) D:8
 Shoals (0/4) Lair:2       Spider (0/4) Lair:2        Slime (0/5) Lair:5
    Orc (0/2) D:10         Vaults (0/5) D:13

Altars:
Ashenzari
Cheibriados
Dithmenos
Elyvilon
Fedhas
Gozag
Hepliaklqana
Kikubaaqudgha
Makhleb
Nemelex Xobeh
Okawaru
Qazlal
Ru
Sif Muna
Trog
Uskayaw
Vehumet
Wu Jian
Xom
Yredelemnul
Zin
The Shining One
Jiyva

Shops:
D:1 (   D:6 (   D:10 !*[(   D:13 (

Annotations:
D:6 2 runed translucent doors
D:8 2 transporters, qw's ghost, novice GrFi
Lair:1 2 transporters
Lair:2 exclusions: 5 culicivoras and oklob plant
Lair:5 1 runed translucent door


Message History

You barely miss the red ugly thing. You block the red ugly thing's attack.
You slash the red ugly thing!
The red ugly thing is almost dead.
The green ugly thing basks in the mutagenic energy from its kin and changes!
The red ugly thing basks in the mutagenic energy from its kin and changes!
You hit the red ugly thing.
The red ugly thing is almost dead.
You block the red ugly thing's attack.
You slice the red ugly thing!!
You kill the red ugly thing!
Okawaru accepts your kill.
You hit the green ugly thing.
The green ugly thing kicks you but does no damage.
You slash the green ugly thing!
The green ugly thing is moderately wounded.
You block the green ugly thing's attack.
You closely miss the green ugly thing.
The green ugly thing is moderately wounded.
You slice the green ugly thing!!
The green ugly thing is severely wounded.
You slash the green ugly thing!
The green ugly thing is almost dead.
You hit the red ugly thing.
The green ugly thing kicks you but does no damage.
The red ugly thing kicks you but does no damage.
You closely miss the green ugly thing.
The green ugly thing is almost dead.
You slash the red ugly thing!
The green ugly thing basks in the mutagenic energy from its kin and changes!
You slash the red ugly thing!
The red ugly thing is almost dead.
You barely miss the red ugly thing.
The green ugly thing basks in the mutagenic energy from its kin and changes!
The red ugly thing kicks you.
You are engulfed in flames!
20727 ||| READING 8 scrolls of teleportation.
As you read the scroll of teleportation, it crumbles to dust.
You feel strangely unstable. The red ugly thing kicks you!
You are engulfed in flames!!
You die...

#.........>.......
#.###############.
#.# #. #.# #. #.#
## #.# #.# #.# #@#
#uuu..# #####...#
.#


You could see 3 ugly things.

Vanquished Creatures
  4 hydras
  Erolcha (D:9)
  3 centaur warriors
  2 boulder beetles
  A catoblepas (Lair:5)
  A deep troll shaman (Lair:5)
  2 two-headed ogres
  7 death yaks
  Urug (Lair:4)
  A skyshark (Lair:2)
  4 skeletal warriors (D:12)
  Pikel (D:8)
  A necromancer (D:13)
  A deep elf pyromancer (D:9)
  2 ugly things (D:14)
  2 cyclopes (D:12)
  An oklob plant (Lair:2)
  3 manticores
  5 black mambas
  Joseph (D:8)
  Maurice (D:8)
  25 elephants
  3 gargoyles
  A torpor snail (Lair:5)
  8 cane toads
  A kobold demonologist (D:8)
  4 rime drakes
  11 komodo dragons
  8 trolls
  A wind drake (Lair:2)
  A queen bee (D:10)
  5 polar bears
  25 blink frogs
  7 dream sheep (Lair:5)
  7 slime creatures
  2 culicivoras (Lair:2)
  A shadow (D:10)
  A wraith (D:13)
  55 yaks
  A jumping spider (Lair:2)
  7 wyverns
  3 fire bats (Lair:3)
  A vampire (D:13)
  3 basilisks
  A steam dragon (D:7)
  14 vampire mosquitoes
  Menkaure (D:5)
  An acid dragon (D:12)
  19 water moccasins
  A floating eye (Lair:2)
  2 orc warriors
  Duvessa (D:5)
  5 ice beasts
  A sky beast (D:7)
  7 black bears
  5 ogres
  7 centaurs
  3 phantoms
  9 wolves
  3 lemures (D:8)
  A kobold brigand (D:8)
  17 bullfrogs
  3 scorpions
  9 wights
  Dowan (D:5)
  25 killer bees (D:10)
  2 electric eels (D:13)
  A howler monkey (D:9)
  5 hounds
  2 orc priests
  A jelly (D:7)
  A gnoll bouda (D:8)
  An iguana (D:5)
  8 orc wizards
  2 sleepcaps
  6 hell rats (Lair:5)
  6 adders
  A white imp (D:8)
  A worm (D:2)
  3 dart slugs
  27 orcs
  7 bats
  2 endoplasms (D:2)
  A giant cockroach (D:1)
  9 goblins
  8 hobgoblins
  3 jackals (D:2)
  13 kobolds
  5 quokkas
  10 ball pythons
  A frilled lizard (D:3)
  6 rats
494 creatures vanquished.

Vanquished Creatures (others)
  An orc (D:8)
1 creature vanquished.

Grand Total: 495 creatures vanquished

Notes
Turn   | Place    | Note
-------+----------+-------------------------------------------
     0 | D:1      | qw the Gargoyle Fighter began the quest for the Orb.
     0 | D:1      | Reached XP level 1. HP: 14/14 MP: 1/1
     0 | D:1      | 0 ||| qw: Version: 0.3-a-40-ge99b1a8
     0 | D:1      | 0 ||| qw: Game counter: 31
     0 | D:1      | 0 ||| qw: Melee chars always use a shield: true
     0 | D:1      | 0 ||| qw: God list: Okawaru
     0 | D:1      | 0 ||| qw: Allow faded altars: false
     0 | D:1      | 0 ||| qw: Do Orc after clearing Dungeon:15 true
     0 | D:1      | 0 ||| qw: Do second Lair branch before Depths: true
     0 | D:1      | 0 ||| qw: Lair rune preference: random
     0 | D:1      | 0 ||| qw: Goals: Normal, Zot:1-4, Slime:5, God:TSO, Crypt,
                  | Tomb, Abyss, Pan, Hells, Win
     0 | D:1      | 0 ||| PLANNING D:1-11
    46 | D:1      | 46 ||| Stepping ~*~*~tactically~*~*~ (stealth).
    92 | D:1      | 92 ||| Stepping ~*~*~tactically~*~*~ (hiding).
    99 | D:1      | Reached XP level 2. HP: 15/19 MP: 2/2
   267 | D:1      | Reached skill level 3 in Axes
   273 | D:1      | Reached XP level 3. HP: 19/23 MP: 3/3
   337 | D:1      | 337 ||| DROPPING +0 club.
   551 | D:1      | Found Sianuej's Weapon Shoppe.
   612 | D:1      | 612 ||| FLEEEEING.
   613 | D:1      | 613 ||| FLEEEEING.
   944 | D:1      | 944 ||| UPGRADING to +0 pair of gloves.
   949 | D:1      | 949 ||| READING scroll labelled ETHEN QALYDD.
   950 | D:1      | 950 ||| READING scroll labelled SISYPP GIURIS.
  1096 | D:2      | 1096 ||| Stepping ~*~*~tactically~*~*~ (stealth).
  1098 | D:2      | 1098 ||| Stepping ~*~*~tactically~*~*~ (stealth).
  1099 | D:2      | 1099 ||| Stepping ~*~*~tactically~*~*~ (stealth).
  1423 | D:2      | Reached XP level 4. HP: 28/28 MP: 4/4
  1467 | D:2      | 1467 ||| UPGRADING to +0 helmet.
  1472 | D:2      | 1472 ||| READING scroll labelled GYEDEO FIKH.
  1473 | D:2      | 1473 ||| READING scroll labelled ZYODEC ER LUDD.
  1549 | D:3      | 1549 ||| Stepping ~*~*~tactically~*~*~ (stealth).
  1570 | D:3      | 1570 ||| DROPPING +0 whip.
  2311 | D:3      | 2311 ||| DRINKING 2 metallic amethyst potions.
  2370 | D:4      | Noticed a scorpion
  2381 | D:4      | Killed a scorpion
  2382 | D:4      | Reached XP level 5. HP: 20/32 MP: 5/5
  2382 | D:4      | 2382 ||| FLEEEEING.
  2395 | D:4      | 2395 ||| Stepping ~*~*~tactically~*~*~ (hiding).
  2396 | D:4      | 2396 ||| Stepping ~*~*~tactically~*~*~ (hiding).
  2454 | D:4      | Noticed a phantom
  2479 | D:4      | Killed a phantom
  2480 | D:4      | Reached XP level 6. HP: 34/37 MP: 6/6
  2544 | D:4      | 2544 ||| Stepping ~*~*~tactically~*~*~ (hiding).
  2580 | D:4      | Reached skill level 1 in Dodging
  2915 | D:4      | 2915 ||| Stepping ~*~*~tactically~*~*~ (hiding).
  3108 | D:4      | Reached skill level 6 in Axes
  3108 | D:4      | Reached XP level 7. HP: 43/43 MP: 7/7
  3456 | D:4      | 3456 ||| UPGRADING to +0 chain mail.
  3466 | D:4      | 3466 ||| DROPPING +0 scale mail.
  3467 | D:4      | 3467 ||| READING 2 scrolls labelled BUN VIWAATEI.
  3471 | D:4      | 3471 ||| DRINKING 3 green potions.
  3530 | D:5      | Entered Level 5 of the Dungeon
  3542 | D:5      | 3542 ||| Stepping ~*~*~tactically~*~*~ (stealth).
  3543 | D:5      | 3543 ||| Stepping ~*~*~tactically~*~*~ (stealth).
  3586 | D:5      | 3586 ||| DROPPING +0 mace.
  3590 | D:5      | Noticed a wyvern
  3597 | D:5      | Killed a wyvern
  3765 | D:5      | 3765 ||| Stepping ~*~*~tactically~*~*~ (stealth).
  3773 | D:5      | Reached XP level 8. HP: 49/49 MP: 8/8
  4008 | D:5      | Found a staircase to the Ecumenical Temple.
  4009 | D:5      | 4009 ||| PLANNING TEMPLE
  4025 | D:5      | Noticed Duvessa
  4047 | D:5      | Killed Duvessa
  4048 | D:5      | Noticed Dowan
  4050 | D:5      | 4050 ||| Stepping ~*~*~tactically~*~*~ (hiding).
  4065 | D:5      | 4065 ||| Stepping ~*~*~tactically~*~*~ (hiding).
  4075 | D:5      | Killed Dowan
  4291 | D:5      | Noticed Menkaure
  4299 | D:5      | Killed Menkaure
  4588 | D:5      | HP: 5/49 [ogre/+0 giant club (15)]
  4589 | D:5      | 4589 ||| READING scroll of teleportation.
  4759 | D:5      | 4759 ||| UPGRADING to +0 cloak.
  4764 | D:5      | 4764 ||| UPGRADING to ring of willpower.
  4765 | D:5      | 4765 ||| READING scroll labelled TARUDW PAIFUMM.
  4827 | D:6      | 4827 ||| STAIRDANCE
  4835 | D:5      | Reached skill level 6 in Fighting
  4888 | D:6      | Found Hismibuf's Weapon Shop.
  4901 | D:6      | 4901 ||| Stepping ~*~*~tactically~*~*~ (stealth).
  4916 | D:6      | Reached XP level 9. HP: 50/55 MP: 9/9
  4954 | D:6      | Reached skill level 9 in Axes
  5104 | D:6      | Reached skill level 4 in Shields
  5237 | D:6      | 5237 ||| SWAPPING to +3 war axe.
  5238 | D:6      | 5238 ||| DROPPING +0 war axe.
  5252 | D:6      | 5252 ||| Stepping ~*~*~tactically~*~*~ (hiding).
  5372 | D:6      | Identified the +3 orcbow of Summertime {drain, Fragile rF+
                  | Will++ Dex-5}
  5502 | D:6      | 5502 ||| READING scroll labelled PIL JIJET.
  5541 | D:6      | 5541 ||| READING scroll labelled KOOTHR WIECODGH.
  5542 | D:6      | 5542 ||| READING scroll labelled QEIJ FAOMUA.
  5590 | Temple   | Entered the Ecumenical Temple
  5603 | Temple   | 5603 ||| PLANNING OKAWARU WORSHIP
  5798 | Temple   | Became a worshipper of Warmaster Okawaru
  5799 | Temple   | 5799 ||| PLANNING D:1-11
  5848 | D:6      | Found a shimmering altar of Xom.
  5953 | D:6      | Found a runed translucent door.
  5955 | D:6      | Found a runed translucent door.
  6109 | D:6      | 6109 ||| Stepping ~*~*~tactically~*~*~ (stealth).
  6157 | D:6      | 6157 ||| Stepping ~*~*~tactically~*~*~ (stealth).
  6187 | D:6      | 6187 ||| UPGRADING to +0 tower shield.
  6197 | D:6      | 6197 ||| DROPPING +0 buckler.
  6198 | D:6      | 6198 ||| DRINKING 2 grey potions.
  6381 | D:7      | Reached skill level 5 in Shields
  6515 | D:7      | Reached * piety under Okawaru
  6516 | D:7      | Reached skill level 6 in Shields
  6516 | D:7      | 6516 ||| Stepping ~*~*~tactically~*~*~ (cloud).
  6622 | D:7      | Reached skill level 1 in Invocations
  6683 | D:7      | 6683 ||| INVOKING Heroism.
  6690 | D:7      | Reached XP level 10. HP: 58/63 MP: 7/10
  6777 | D:7      | 6777 ||| DROPPING scarf of invisibility.
  6778 | D:7      | 6778 ||| READING scroll labelled QUTYN DEME.
  6779 | D:7      | 6779 ||| READING scroll labelled DUIMI VOAMEREM.
  6880 | D:7      | 6880 ||| READING scroll labelled HOETYEGRUEDD.
  6881 | D:7      | 6881 ||| READING 2 scrolls of identify.
  6881 | D:7      | 6881 ||| IDENTIFYING yellow potion
  6910 | D:8      | 6910 ||| FLEEEEING.
  6911 | D:8      | 6911 ||| STAIRDANCE
  6923 | D:8      | 6923 ||| Stepping ~*~*~tactically~*~*~ (stealth).
  6925 | D:8      | 6925 ||| Stepping ~*~*~tactically~*~*~ (hiding).
  6926 | D:8      | 6926 ||| Stepping ~*~*~tactically~*~*~ (hiding).
  6927 | D:8      | 6927 ||| Stepping ~*~*~tactically~*~*~ (hiding).
  6930 | D:8      | 6930 ||| Stepping ~*~*~tactically~*~*~ (hiding).
  6952 | D:8      | 6952 ||| Stepping ~*~*~tactically~*~*~ (stealth).
  6964 | D:8      | Found a staircase to the Lair.
  6966 | D:8      | 6966 ||| DROPPING +0 flail.
  6996 | D:8      | Reached skill level 7 in Shields
  7024 | D:8      | 7024 ||| INVOKING Heroism.
  7036 | D:8      | Reached skill level 3 in Invocations
  7080 | D:8      | Noticed Maurice
  7106 | D:8      | Killed Maurice
  7178 | D:8      | 7178 ||| READING scroll of brand weapon.
  7178 | D:8      | 7178 ||| BRANDING +4 war axe of venom.
  7179 | D:8      | 7179 ||| DROPPING +3 flail.
  7208 | D:8      | 7208 ||| Stepping ~*~*~tactically~*~*~ (hiding).
  7210 | D:8      | 7210 ||| Stepping ~*~*~tactically~*~*~ (hiding).
  7211 | D:8      | 7211 ||| Stepping ~*~*~tactically~*~*~ (hiding).
  7217 | D:8      | 7217 ||| Stepping ~*~*~tactically~*~*~ (stealth).
  7221 | D:8      | 7221 ||| Stepping ~*~*~tactically~*~*~ (stealth).
  7222 | D:8      | 7222 ||| Stepping ~*~*~tactically~*~*~ (stealth).
  7223 | D:8      | 7223 ||| Stepping ~*~*~tactically~*~*~ (stealth).
  7228 | D:8      | 7228 ||| READING scroll of brand weapon.
  7228 | D:8      | 7228 ||| BRANDING +4 war axe of flaming.
  7239 | D:8      | 7239 ||| Stepping ~*~*~tactically~*~*~ (stealth).
  7240 | D:8      | 7240 ||| Stepping ~*~*~tactically~*~*~ (stealth).
  7247 | D:8      | 7247 ||| DROPPING +0 whip.
  7285 | D:8      | Noticed Pikel
  7300 | D:8      | Killed Pikel
  7300 | D:8      | Reached ** piety under Okawaru
  7301 | D:8      | Reached skill level 8 in Shields
  7372 | D:8      | Found a transporter.
  7390 | D:8      | Noticed qw's ghost (novice GrFi)
  7390 | D:8      | Noticed a moth of wrath
  7435 | D:8      | Found a transporter.
  7491 | D:8      | 7491 ||| INVOKING Heroism.
  7509 | D:8      | Noticed a kobold demonologist
  7524 | D:8      | Killed a kobold demonologist
  7525 | D:8      | Reached skill level 9 in Shields
  7574 | D:8      | Noticed a centaur warrior
  7575 | D:8      | 7575 ||| Stepping ~*~*~tactically~*~*~ (hiding).
  7578 | D:8      | 7578 ||| Stepping ~*~*~tactically~*~*~ (hiding).
  7594 | D:8      | Reached skill level 10 in Shields
  7596 | D:8      | 7596 ||| INVOKING Heroism.
  7601 | D:8      | Killed a centaur warrior
  7601 | D:8      | Reached *** piety under Okawaru
  7751 | D:8      | 7751 ||| DROPPING +0 flail.
  7785 | D:8      | Noticed Joseph
  7786 | D:8      | 7786 ||| Stepping ~*~*~tactically~*~*~ (hiding).
  7798 | D:8      | Killed Joseph
  7799 | D:8      | Reached skill level 11 in Shields
  7799 | D:8      | Reached XP level 11. HP: 52/67 MP: 14/14
  7883 | D:8      | 7883 ||| PLANNING LAIR
  7883 | D:8      | 7883 ||| DRINKING 2 puce potions.
  7884 | D:8      | 7884 ||| READING 2 scrolls of identify.
  7884 | D:8      | 7884 ||| IDENTIFYING bubbling cyan potion
  7885 | D:8      | 7885 ||| DROPPING potion of berserk rage.
  7886 | D:8      | 7886 ||| DROPPING potion of degeneration.
  7900 | Lair:1   | Entered Level 1 of the Lair of Beasts
  7906 | Lair:1   | 7906 ||| INVOKING Heroism.
  8033 | Lair:1   | Found a transporter.
  8069 | Lair:1   | 8069 ||| Stepping ~*~*~tactically~*~*~ (stealth).
  8071 | Lair:1   | 8071 ||| INVOKING Heroism.
  8085 | Lair:1   | Reached skill level 12 in Shields
  8175 | Lair:1   | 8175 ||| Stepping ~*~*~tactically~*~*~ (stealth).
  8177 | Lair:1   | 8177 ||| INVOKING Heroism.
  8179 | Lair:1   | 8179 ||| Stepping ~*~*~tactically~*~*~ (stealth).
  8180 | Lair:1   | 8180 ||| Stepping ~*~*~tactically~*~*~ (stealth).
  8367 | Lair:1   | Reached **** piety under Okawaru
  8388 | Lair:1   | 8388 ||| INVOKING Heroism.
  8399 | Lair:1   | Reached skill level 6 in Armour
  8475 | Lair:1   | 8475 ||| INVOKING Heroism.
  8482 | Lair:1   | Reached skill level 13 in Shields
  8542 | Lair:1   | Found a transporter.
  8665 | Lair:1   | 8665 ||| INVOKING Heroism.
  8695 | Lair:1   | 8695 ||| INVOKING Heroism.
  8943 | Lair:1   | 8943 ||| INVOKING Heroism.
  9424 | Lair:1   | 9424 ||| DROPPING ring of flight.
  9425 | Lair:1   | 9425 ||| DRINKING 2 ruby potions.
  9426 | Lair:1   | 9426 ||| READING 3 scrolls of identify.
  9426 | Lair:1   | 9426 ||| IDENTIFYING smoky ruby potion
  9427 | Lair:1   | 9427 ||| READING 2 scrolls of identify.
  9427 | Lair:1   | 9427 ||| IDENTIFYING cyan potion
  9428 | Lair:1   | 9428 ||| DROPPING potion of brilliance.
  9481 | Lair:2   | Noticed a death yak
  9482 | Lair:2   | 9482 ||| INVOKING Heroism.
  9498 | Lair:2   | Killed a death yak
  9499 | Lair:2   | Reached skill level 6 in Invocations
  9499 | Lair:2   | Reached XP level 12. HP: 59/73 MP: 16/16
  9540 | Lair:2   | Noticed a death yak
  9541 | Lair:2   | 9541 ||| INVOKING Heroism.
  9547 | Lair:2   | Noticed a death yak
  9551 | Lair:2   | Killed a death yak
  9562 | Lair:2   | Killed a death yak
  9623 | Lair:2   | 9623 ||| Stepping ~*~*~tactically~*~*~ (hiding).
  9627 | Lair:2   | 9627 ||| INVOKING Heroism.
  9629 | Lair:2   | 9629 ||| Stepping ~*~*~tactically~*~*~ (hiding).
  9769 | Lair:2   | Found a staircase to the Shoals.
  9852 | Lair:2   | 9852 ||| INVOKING Heroism.
  9855 | Lair:2   | Paralysed by a floating eye for 2 turns
  9887 | Lair:2   | HP: 7/73 [oklob plant/splash of acid (26)]
  9888 | Lair:2   | 9888 ||| READING 4 scrolls of teleportation.
  9889 | Lair:2   | 9889 ||| DRINKING potion of heal wounds.
 10059 | Lair:2   | 10059 ||| INVOKING Heroism.
 10060 | Lair:2   | 10060 ||| Stepping ~*~*~tactically~*~*~ (stealth).
 10096 | Lair:2   | 10096 ||| INVOKING Heroism.
 10206 | Lair:2   | 10206 ||| INVOKING Heroism.
 10220 | Lair:2   | 10220 ||| READING 3 scrolls of teleportation.
 10220 | Lair:2   | HP: 18/73 [oklob plant/splash of acid (18)]
 10476 | Lair:2   | 10476 ||| Stepping ~*~*~tactically~*~*~ (stealth).
 10636 | Lair:2   | Noticed a skyshark
 10646 | Lair:2   | 10646 ||| INVOKING Heroism.
 10655 | Lair:2   | Killed a skyshark
 10771 | Lair:2   | 10771 ||| Stepping ~*~*~tactically~*~*~ (stealth).
 10772 | Lair:2   | 10772 ||| Stepping ~*~*~tactically~*~*~ (stealth).
 10774 | Lair:2   | 10774 ||| Stepping ~*~*~tactically~*~*~ (stealth).
 10776 | Lair:2   | 10776 ||| UPGRADING to +0 plate armour.
 10786 | Lair:2   | 10786 ||| DROPPING +0 chain mail.
 10787 | Lair:2   | 10787 ||| READING scroll labelled ASORYT ALORR.
 10788 | Lair:2   | 10788 ||| DRINKING 2 brown potions.
 10789 | Lair:2   | 10789 ||| DRINKING 2 sapphire potions.
 10790 | Lair:2   | Found a hole to the Spider Nest.
 10911 | Lair:2   | 10911 ||| Stepping ~*~*~tactically~*~*~ (stealth).
 11258 | Lair:3   | 11258 ||| STAIRDANCE
 11302 | Lair:3   | 11302 ||| STAIRDANCE
 11467 | Lair:3   | 11467 ||| INVOKING Heroism.
 11725 | Lair:3   | Noticed a five-headed hydra
 11726 | Lair:3   | 11726 ||| INVOKING Heroism.
 11732 | Lair:3   | 11732 ||| SWAPPING to +0 morningstar.
 11741 | Lair:3   | Killed a five-headed hydra
 11742 | Lair:3   | Reached skill level 9 in Invocations
 11742 | Lair:3   | 11742 ||| SWAPPING to +4 war axe of electrocution.
 11941 | Lair:3   | 11941 ||| Stepping ~*~*~tactically~*~*~ (stealth).
 11943 | Lair:3   | 11943 ||| INVOKING Heroism.
 11965 | Lair:3   | Reached XP level 13. HP: 53/78 MP: 20/20
 12011 | Lair:3   | 12011 ||| Stepping ~*~*~tactically~*~*~ (stealth).
 12031 | Lair:3   | 12031 ||| Stepping ~*~*~tactically~*~*~ (stealth).
 12263 | Lair:3   | 12263 ||| INVOKING Heroism.
 12297 | Lair:3   | 12297 ||| INVOKING Heroism.
 12381 | Lair:3   | Found a hide-covered altar of Uskayaw.
 12402 | Lair:3   | Found an ornate altar of the Wu Jian Council.
 12500 | Lair:3   | 12500 ||| INVOKING Heroism.
 12546 | Lair:3   | Reached skill level 9 in Fighting
 12699 | Lair:3   | 12699 ||| UPGRADING to ring of see invisible.
 12741 | Lair:4   | 12741 ||| Stepping ~*~*~tactically~*~*~ (stealth).
 12742 | Lair:4   | 12742 ||| INVOKING Heroism.
 12747 | Lair:4   | 12747 ||| SWAPPING to +0 morningstar.
 12764 | Lair:4   | Reached skill level 14 in Shields
 12764 | Lair:4   | 12764 ||| SWAPPING to +4 war axe of electrocution.
 12974 | Lair:4   | 12974 ||| INVOKING Heroism.
 12994 | Lair:4   | 12994 ||| READING scroll of enchant weapon.
 12994 | Lair:4   | 12994 ||| ENCHANTING +4 war axe of electrocution.
 13287 | Lair:4   | Reached ***** piety under Okawaru
 13289 | Lair:4   | Reached skill level 12 in Axes
 13420 | Lair:4   | Noticed Urug
 13421 | Lair:4   | 13421 ||| INVOKING Heroism.
 13422 | Lair:4   | 13422 ||| INVOKING Finesse.
 13439 | Lair:4   | Killed Urug
 13752 | Lair:4   | 13752 ||| READING 2 scrolls labelled KODUSS TOURE.
 13753 | Lair:4   | 13753 ||| READING scroll labelled GEDOLURCHEU.
 13754 | Lair:4   | 13754 ||| DROPPING scroll of amnesia.
 13795 | Lair:5   | Entered Level 5 of the Lair of Beasts
 13839 | Lair:5   | Reached skill level 1 in Throwing
 13917 | Lair:5   | Received a gift from Okawaru
 13929 | Lair:5   | 13929 ||| INVOKING Heroism.
 13930 | Lair:5   | 13930 ||| INVOKING Finesse.
 13933 | Lair:5   | 13933 ||| SWAPPING to +0 morningstar.
 13944 | Lair:5   | 13944 ||| SWAPPING to +5 war axe of electrocution.
 14001 | Lair:5   | 14001 ||| Stepping ~*~*~tactically~*~*~ (hiding).
 14006 | Lair:5   | Reached skill level 9 in Armour
 14008 | Lair:5   | 14008 ||| INVOKING Heroism.
 14210 | Lair:5   | 14210 ||| INVOKING Heroism.
 14247 | Lair:5   | 14247 ||| INVOKING Heroism.
 14261 | Lair:5   | 14261 ||| Stepping ~*~*~tactically~*~*~ (stealth).
 14272 | Lair:5   | Gained mutation: Your large and strong wings let you fly.
                  | [Gargoyle growth]
 14272 | Lair:5   | Reached XP level 14. HP: 88/88 MP: 21/21
 14289 | Lair:5   | 14289 ||| INVOKING Heroism.
 14533 | Lair:5   | 14533 ||| Stepping ~*~*~tactically~*~*~ (stealth).
 14539 | Lair:5   | 14539 ||| INVOKING Heroism.
 14684 | Lair:5   | 14684 ||| Stepping ~*~*~tactically~*~*~ (stealth).
 14685 | Lair:5   | 14685 ||| INVOKING Heroism.
 14686 | Lair:5   | 14686 ||| INVOKING Finesse.
 14693 | Lair:5   | Reached skill level 3 in Throwing
 14716 | Lair:5   | 14716 ||| SWAPPING to +0 morningstar.
 14725 | Lair:5   | 14725 ||| SWAPPING to +5 war axe of electrocution.
 14738 | Lair:5   | 14738 ||| Stepping ~*~*~tactically~*~*~ (stealth).
 14786 | Lair:5   | 14786 ||| Stepping ~*~*~tactically~*~*~ (stealth).
 14787 | Lair:5   | 14787 ||| INVOKING Heroism.
 14788 | Lair:5   | 14788 ||| INVOKING Finesse.
 14799 | Lair:5   | Reached skill level 15 in Shields
 14846 | Lair:5   | 14846 ||| INVOKING Heroism.
 14934 | Lair:5   | Identified the staff of the Middle {rPois rF+ Int+4 Stlth+
                  | Poison}
 14979 | Lair:5   | 14979 ||| Stepping ~*~*~tactically~*~*~ (stealth).
 15047 | Lair:5   | 15047 ||| Stepping ~*~*~tactically~*~*~ (stealth).
 15048 | Lair:5   | 15048 ||| Stepping ~*~*~tactically~*~*~ (stealth).
 15050 | Lair:5   | 15050 ||| Stepping ~*~*~tactically~*~*~ (stealth).
 15066 | Lair:5   | 15066 ||| Stepping ~*~*~tactically~*~*~ (stealth).
 15085 | Lair:5   | 15085 ||| INVOKING Heroism.
 15308 | Lair:5   | 15308 ||| Stepping ~*~*~tactically~*~*~ (stealth).
 15321 | Lair:5   | 15321 ||| FLEEEEING.
 15322 | Lair:5   | 15322 ||| FLEEEEING.
 15323 | Lair:5   | 15323 ||| FLEEEEING.
 15324 | Lair:5   | 15324 ||| FLEEEEING.
 15325 | Lair:5   | 15325 ||| FLEEEEING.
 15326 | Lair:5   | 15326 ||| FLEEEEING.
 15327 | Lair:5   | 15327 ||| FLEEEEING.
 15328 | Lair:5   | 15328 ||| FLEEEEING.
 15329 | Lair:5   | 15329 ||| FLEEEEING.
 15330 | Lair:5   | 15330 ||| FLEEEEING.
 15331 | Lair:5   | 15331 ||| FLEEEEING.
 15332 | Lair:5   | 15332 ||| FLEEEEING.
 15333 | Lair:5   | 15333 ||| FLEEEEING.
 15334 | Lair:5   | 15334 ||| FLEEEEING.
 15335 | Lair:5   | 15335 ||| FLEEEEING.
 15340 | Lair:5   | 15340 ||| STAIRDANCE
 15377 | Lair:4   | 15377 ||| READING 3 scrolls of identify.
 15377 | Lair:4   | 15377 ||| IDENTIFYING bubbling orange potion
 15378 | Lair:4   | 15378 ||| READING 2 scrolls of identify.
 15378 | Lair:4   | 15378 ||| IDENTIFYING pink potion
 15379 | Lair:4   | 15379 ||| DROPPING potion of invisibility.
 15399 | Lair:5   | Found a runed translucent door.
 15399 | Lair:5   | Found a viscous altar of Jiyva.
 15416 | Lair:5   | Found a staircase to the Slime Pits.
 15674 | Lair:5   | 15674 ||| PLANNING D:1-11
 15881 | D:9      | Found a flagged portal.
 15939 | D:9      | Found a burning altar of Makhleb.
 15984 | D:9      | Found a hazy altar of Hepliaklqana.
 16074 | D:9      | 16074 ||| READING scroll of enchant armour.
 16074 | D:9      | 16074 ||| ENCHANTING +0 pair of gloves.
 16152 | D:9      | 16152 ||| Stepping ~*~*~tactically~*~*~ (stealth).
 16153 | D:9      | 16153 ||| Stepping ~*~*~tactically~*~*~ (stealth).
 16156 | D:9      | 16156 ||| Stepping ~*~*~tactically~*~*~ (stealth).
 16159 | D:9      | 16159 ||| Stepping ~*~*~tactically~*~*~ (hiding).
 16185 | D:9      | Found a radiant altar of Vehumet.
 16206 | D:9      | 16206 ||| Stepping ~*~*~tactically~*~*~ (stealth).
 16335 | D:9      | Found a broken altar of Ashenzari.
 16506 | D:9      | 16506 ||| READING 3 scrolls of enchant weapon.
 16506 | D:9      | 16506 ||| ENCHANTING +5 war axe of electrocution.
 16507 | D:9      | 16507 ||| READING 2 scrolls of enchant weapon.
 16507 | D:9      | 16507 ||| ENCHANTING +6 war axe of electrocution.
 16508 | D:9      | 16508 ||| READING scroll of enchant weapon.
 16508 | D:9      | 16508 ||| ENCHANTING +7 war axe of electrocution.
 16661 | D:9      | Noticed Erolcha
 16662 | D:9      | 16662 ||| INVOKING Heroism.
 16663 | D:9      | 16663 ||| INVOKING Finesse.
 16675 | D:9      | Killed Erolcha
 16985 | D:9      | 16985 ||| UPGRADING to +0 pair of boots.
 16990 | D:9      | 16990 ||| READING scroll labelled UMIRE AMOUPN.
 16991 | D:9      | 16991 ||| READING scroll labelled AHUPNA DUEHIPT.
 16991 | D:9      | Identified a scroll of acquirement
 16991 | D:9      | 16991 ||| ACQUIRING scarf of the Game of Life {+Inv, rPois
                  | Will++ Int+2}
 16991 | D:9      | Acquired the scarf of the Game of Life {+Inv, rPois Will++
                  | Int+2}
 16993 | D:9      | 16993 ||| UPGRADING to scarf of the Game of Life {+Inv,
                  | rPois Will++ Int+2}.
 17003 | D:9      | 17003 ||| DRINKING 2 fizzy black potions.
 17004 | D:9      | 17004 ||| DRINKING 8 potions of curing.
 17004 | D:9      | 17004 ||| (to cure confusion)
 17005 | D:9      | 17005 ||| DROPPING potion of ambrosia.
 17033 | D:10     | Entered Level 10 of the Dungeon
 17033 | D:10     | Found Kigykk's Armour Emporium.
 17043 | D:10     | 17043 ||| STAIRDANCE
 17107 | D:10     | Found Nizain's Assorted Antiques.
 17123 | D:10     | 17123 ||| BUYING potion of heal wounds (130 gold).
 17123 | D:10     | Bought a potion of heal wounds for 130 gold pieces
 17123 | D:10     | 17123 ||| BUYING scroll of brand weapon (247 gold).
 17123 | D:10     | Bought a scroll of brand weapon for 247 gold pieces
 17123 | D:10     | 17123 ||| BUYING scroll of teleportation (78 gold).
 17123 | D:10     | Bought a scroll of teleportation for 78 gold pieces
 17123 | D:10     | 17123 ||| READING scroll of brand weapon.
 17123 | D:10     | 17123 ||| BRANDING +8 war axe of electrocution.
 17129 | D:10     | Found Xogyiri's Distillery.
 17137 | D:10     | 17137 ||| BUYING potion of cancellation (88 gold).
 17137 | D:10     | Bought a potion of cancellation for 88 gold pieces
 17137 | D:10     | 17137 ||| BUYING potion of curing (33 gold).
 17137 | D:10     | Bought a potion of curing for 33 gold pieces
 17137 | D:10     | 17137 ||| BUYING potion of heal wounds (55 gold).
 17137 | D:10     | Bought a potion of heal wounds for 55 gold pieces
 17137 | D:10     | 17137 ||| BUYING potion of mutation (88 gold).
 17137 | D:10     | Bought a potion of mutation for 88 gold pieces
 17137 | D:10     | 17137 ||| BUYING potion of resistance (110 gold).
 17137 | D:10     | Bought a potion of resistance for 110 gold pieces
 17137 | D:10     | 17137 ||| BUYING potion of resistance (110 gold).
 17137 | D:10     | Bought a potion of resistance for 110 gold pieces
 17170 | D:10     | 17170 ||| READING scroll of acquirement.
 17170 | D:10     | 17170 ||| ACQUIRING ring of protection from cold
 17170 | D:10     | Acquired a ring of protection from cold
 17172 | D:10     | 17172 ||| UPGRADING to ring of protection from cold.
 17175 | D:10     | Found Weme's Antique Weapon Shop.
 17185 | D:9      | Found a shadowy altar of Dithmenos.
 17262 | D:10     | 17262 ||| Stepping ~*~*~tactically~*~*~ (hiding).
 17322 | D:10     | 17322 ||| INVOKING Heroism.
 17505 | D:10     | Found a glowing golden altar of the Shining One.
 17563 | D:10     | 17563 ||| INVOKING Heroism.
 17697 | D:10     | Found a staircase to the Orcish Mines.
 17777 | D:11     | 17777 ||| INVOKING Heroism.
 18238 | D:11     | You are sucked into a shaft and drop 1 floor!
 18285 | D:12     | 18285 ||| Stepping ~*~*~tactically~*~*~ (hiding).
 18385 | D:12     | 18385 ||| INVOKING Heroism.
 18386 | D:12     | 18386 ||| INVOKING Finesse.
 18728 | D:11     | 18728 ||| PLANNING D
 18805 | D:12     | 18805 ||| INVOKING Heroism.
 18830 | D:12     | Reached XP level 15. HP: 72/93 MP: 22/22
 18843 | D:12     | Received a gift from Okawaru
 18844 | D:12     | 18844 ||| Stepping ~*~*~tactically~*~*~ (hiding).
 18921 | D:12     | 18921 ||| DROPPING +0 morningstar.
 18955 | D:12     | 18955 ||| Stepping ~*~*~tactically~*~*~ (stealth).
 18956 | D:12     | 18956 ||| Stepping ~*~*~tactically~*~*~ (stealth).
 18958 | D:12     | 18958 ||| Stepping ~*~*~tactically~*~*~ (stealth).
 18960 | D:12     | Found a white marble altar of Elyvilon.
 18961 | D:12     | 18961 ||| Stepping ~*~*~tactically~*~*~ (stealth).
 18999 | D:12     | 18999 ||| READING scroll of enchant armour.
 18999 | D:12     | 18999 ||| ENCHANTING +1 pair of gloves.
 19358 | D:12     | 19358 ||| Stepping ~*~*~tactically~*~*~ (hiding).
 19792 | D:13     | 19792 ||| READING scroll of enchant armour.
 19792 | D:13     | 19792 ||| ENCHANTING +0 helmet.
 19859 | D:13     | 19859 ||| Stepping ~*~*~tactically~*~*~ (stealth).
 19874 | D:13     | 19874 ||| Stepping ~*~*~tactically~*~*~ (stealth).
 19890 | D:13     | Reached skill level 16 in Shields
 19920 | D:13     | Received a gift from Okawaru
 19936 | D:13     | Found Meummihe's Antique Weapon Emporium.
 20393 | D:13     | 20393 ||| Stepping ~*~*~tactically~*~*~ (stealth).
 20433 | D:13     | Found a gate to the Vaults.
 20712 | D:14     | 20712 ||| INVOKING Heroism.
 20726 | D:14     | HP: 13/94 [red ugly thing (15)]
 20727 | D:14     | 20727 ||| READING 8 scrolls of teleportation.
 20727 | D:14     | HP: 3/94 [red ugly thing (10)]
 20727 | D:14     | Demolished by a red ugly thing

Levels and vault maps discovered:
D:1:      dpeg_arrival_lava_temple_mockup, layout_loops_ring, serial_shops,
          shop, nrook_loot_triangle, dreamdust_wishing_well
D:2:      layout_basic, chequers_decorated_corner
D:3:      layout_basic
D:4:      layout_basic
D:5:      layout_basic, minmay_temple_entry_from_below_a, uniq_menkaure,
          uniq_duvessa
D:6:      lemuel_insect_pit, layout_cave_pools, overflow_temple_1_default,
          serial_shops, nicolae_shop_bloodbath_and_beyond, grunt_tough_drop
D:7:      layout_basic
D:8:      minmay_slanted_spiral_squares, layout_rooms, lair_entry_dummy,
          gammafunk_ghost_berserking_beasts, uniq_joseph, uniq_pikel,
          uniq_maurice
D:9:      layout_basic, nicolae_overflow_hidden_temple, old_standard_altar,
          nicolae_hepliaklqana_hazy_memory, mainiacjoe_overflow_catch_the_wave,
          enter_bailey_3, minmay_librarian, uniq_erolcha
D:10:     layout_cave_pools, tso_metal_star, orc_0_dummy, special_room
          [special_room_bee], serial_shops, shop, nicolae_square_shop,
          nicolae_shop_industrial_runoff, nicolae_stop_n_shop_1
D:11:     layout_gridville
D:12:     layout_stronghold, elyvilon_altar_4
D:13:     layout_loops_ring, david_vaults_1, serial_shops,
          nicolae_shop_waterfront, fountainhead
D:14:     layout_basic, minmay_misc_feat_tiny
Temple:   regret_index_temple_generic_petals
Lair:1:   gammafunk_worm_tunnel, layout_layer_cave,
          hangedman_lair_unloving_vines, lemuel_fruit_tree
Lair:2:   layout_cave_shapes, minmay_shoals_entry_beasts,
          nicolae_spider_entry_tight_spaces, disabler_island
Lair:3:   layout_regular_city, nicolae_volcano_entry_batcave,
          nzn_masters_of_martial_movement
Lair:4:   layout_cellular_growth, uniq_urug
Lair:5:   grunt_lair_end_beastmaster, layout_loops_ring, slime_entry_2,
          chequers_serial_rivers_room_a

Skill      XL: |  1  2  3  4  5  6  7  8  9 10 11 12 13 14 15 |
---------------+----------------------------------------------+-----
Axes           | 2 3 4 5 6 7 8 9 10 11 12 14 | 14.1
Fighting       | 4 5 6 7 8 10 11 | 11.0
Dodging        | 1 2 |  2.6
Armour         | 4 5 6 8 9 10 | 10.0
Shields        | 6 11 13 14 15 16 | 16.0
Invocations    | 1 4 6 9 10 | 10.0
Throwing       | 2 4 5 |  5.5

Action                     |  1- 3 |  4- 6 |  7- 9 | 10-12 | 13-15 || total
---------------------------+-------+-------+-------+-------+-------++-------
  Melee: War axe           |   115 |   132 |   231 |   479 |   852 ||  1809
         Morningstar       |       |       |       |     9 |    32 ||    41
  Throw: Javelin           |       |       |       |       |    51 ||    51
 Invoke: Heroism           |       |       |     1 |    22 |    23 ||    46
         Finesse           |       |       |       |       |     6 ||     6
    Use: Scroll            |     2 |     2 |     6 |    12 |    16 ||    38
         Potion            |       |     1 |     2 |     5 |     2 ||    10
 Armour: Scale mail        |    79 |    63 |       |       |       ||   142
         Chain mail        |       |       |   128 |   157 |       ||   285
         Plate armour      |       |       |       |    70 |   467 ||   537
  Dodge: Dodged            |    58 |    65 |    76 |   101 |   177 ||   477
  Block: Buckler           |    23 |    16 |    31 |       |       ||    70
         Tower shield      |       |       |    22 |   387 |   801 ||  1210

Table legend:
 A = Non-vault XP
 B = Vault XP
 C = Vault XP percentage of total XP
 D = Non-vault monster count
 E = Vault monster count
 F = Vault count percentage of total count
                 A         B        C        D         E       F
            +---------+---------+-------+---------+---------+-------
      Total |   77904 |   22416 |  22.3 |     405 |      87 |  17.7
            +---------+---------+-------+---------+---------+-------
        D:1 |      54 |       0 |   0.0 |      31 |       0 |   0.0
        D:2 |      45 |       0 |   0.0 |      18 |       0 |   0.0
        D:3 |      26 |       0 |   0.0 |       8 |       0 |   0.0
        D:4 |     602 |       0 |   0.0 |      17 |       0 |   0.0
        D:5 |     980 |     372 |  27.5 |      14 |       3 |  17.6
        D:6 |    1462 |     360 |  19.8 |      27 |       3 |  10.0
        D:7 |     759 |       0 |   0.0 |       7 |       0 |   0.0
        D:8 |    1106 |    3532 |  76.2 |      21 |      14 |  40.0
        D:9 |    2855 |    1456 |  33.8 |      20 |       6 |  23.1
       D:10 |    2281 |    1864 |  45.0 |      10 |      26 |  72.2
       D:11 |    3876 |       0 |   0.0 |      15 |       0 |   0.0
       D:12 |    8389 |       2 |   0.0 |      20 |       1 |   4.8
       D:13 |    5444 |    1963 |  26.5 |      23 |       4 |  14.8
       D:14 |    1169 |       0 |   0.0 |       2 |       0 |   0.0
     Lair:1 |    8236 |       0 |   0.0 |      29 |       0 |   0.0
     Lair:2 |    6956 |    2163 |  23.7 |      21 |       7 |  25.0
     Lair:3 |    6888 |    1438 |  17.3 |      28 |       4 |  12.5
     Lair:4 |    8291 |     800 |   8.8 |      26 |       1 |   3.7
     Lair:5 |   18485 |    8466 |  31.4 |      68 |      18 |  20.9
            +---------+---------+-------+---------+---------+-------
